 Dungeon Crawl Stone Soup version 0.26-a0-597-gb535b0901c (webtiles) character file.

Game seed: 7453233058477123874

1120 Lanoc the Skirmisher (level 8, -4/73 HPs)
             Began as a Minotaur Air Elementalist on Sept 10, 2020.
             Was an Initiate of Qazlal.
             Splashed by Edmund's acid (9 damage)
             ... on level 5 of the Dungeon.
             The game lasted 00:06:57 (6108 turns).

Lanoc the Skirmisher (Minotaur Air Elementalist)    Turns: 6108, Time: 00:06:57

Health: -4/73      AC: -5    Str: 14    XL:     8   Next: 12%
Magic:  0/9        EV: 16    Int: 12    God:    Qazlal [......]
Gold:   299        SH:  5    Dex: 12    Spells: 8/9 levels left

rFire    . . .     SeeInvis .   f - +1 short sword (flame)
rCold    . . .     Faith    .   g - +0 buckler
rNeg     . . .     Spirit   +   a - +0 robe
rPois    .         Reflect  .   (helmet restricted)
rElec    .         Harm     .   (no cloak)
rCorr    .                      j - +0 pair of gloves
MR       .....                  (no boots)
Stlth    ++........             u - amulet of guardian spirit
HPRegen  0.22/turn              s - ring of wizardry
MPRegen  0.11/turn              (no ring)

@: lethally poisoned (-4 -> -4), corroded
A: retaliatory headbutt, horns 2
a: Renounce Religion


You were on level 5 of the Dungeon.
You worshipped Qazlal.
Qazlal was noncommittal.
You visited 1 branch of the dungeon, and saw 6 of its levels.

You collected 299 gold pieces.

Inventory:

Hand Weapons
 f - a +1 short sword of flaming (weapon)
 n - a +0 broad axe
Armour
 a - a +0 robe (worn)
 g - a +0 buckler (worn)
 j - a +0 pair of gloves (worn)
 k - a +0 plate armour
Jewellery
 s - a ring of wizardry (left hand)
 u - an amulet of guardian spirit (around neck)
Wands
 v - a wand of random effects (9)
Scrolls
 b - 6 scrolls of remove curse {unknown}
 c - 2 scrolls of blinking {unknown}
 i - 10 scrolls of identify {unknown}
 l - 2 scrolls of teleportation {unknown}
 m - a scroll of enchant armour {unknown}
 o - a scroll of random uselessness {unknown}
Potions
 d - a potion of lignification {unknown}
 e - a potion of curing {unknown}
 h - a potion of invisibility {unknown}
 p - a potion of brilliance {unknown}
 q - 2 potions of stabbing {unknown}
 r - a potion of ambrosia {unknown}
 t - 3 potions of heal wounds {unknown}
 w - a potion of cancellation {unknown}
 x - a potion of might {unknown}


   Skills:
 + Level 7.3 Fighting
 + Level 7.2 Dodging
 - Level 1.5 Stealth
 - Level 4.0 Shields
 - Level 1.3 Spellcasting
 - Level 0.6 Conjurations
 - Level 2.1 Air Magic


You had 8 spell levels left.
You knew the following spells:

 Your Spells              Type           Power        Failure   Level
a - Shock                 Conj/Air       #...         7%          1

Your spell library contained the following spells:

 Spells                   Type           Power        Failure   Level
 Swiftness                Air            #.......     8%          2
 Static Discharge         Conj/Air       #.......     21%         3
 Airstrike                Air            #.........   41%         4
 Lightning Bolt           Conj/Air       #.........   86%         5


Dungeon Overview and Level Annotations

Branches:
Dungeon (6/15)
 Temple: D:4-7

Altars:
Cheibriados
Hepliaklqana
Kikubaaqudgha
Makhleb
Okawaru
Qazlal
Ru
Zin

Annotations:
D:5 Edmund


Innate Abilities, Weirdness & Mutations

You reflexively headbutt those who attack you in melee.
You have a pair of horns on your head.


Message History

The jackal dies!
Edmund zaps a wand.
The bolt of acid hits you!
You are splashed with acid!
* * * LOW HITPOINT WARNING * * *
There is a stone staircase leading down here.
You are too injured to fight recklessly!
Okay, then.
Okay, then.
The adder barely misses you.
Edmund says, "Everyone always remembers my brother. 'Who's Edmund?' they ask!"
You feel sick. The adder closely misses you.
You feel sick. The adder barely misses you. You furiously retaliate!
You headbutt the adder, but do no damage.
Edmund says, "You wouldn't believe how much I paid for this flail."
Edmund zaps a wand.
The bolt of acid hits the adder!!
The adder is splashed with acid.
The acid corrodes the adder!
The adder dies!
The bolt of acid hits you!
* * * LOW HITPOINT WARNING * * *
The acid corrodes you!
You are splashed with acid!
You die...

##### #.#.# #############
#.#.############## ............#
#................. ####.######.#
#.#..############# # ##.## #.#
#.#..# ##### ###...## #.# #.#..#
#...# ##.....# #.####.#..# #...##
##.._..# #....†@#..#### #.....
##..8_.####@####.#.....#####.....
##.._..@.@.......................
##.....>.........................
###.....########.###...######....
# #.....'..............# ###....
###.#...########.#.....####...#..
.................#.##'##......#..
###..............#....##...)..#..


You could see Edmund.

Vanquished Creatures
  Menkaure (D:5)
  Duvessa (D:5)
  An ice beast (D:6)
  2 ogres
  A centaur (D:5)
  A bullfrog (D:6)
  Dowan (D:5)
  A scorpion (D:6)
  A hound (D:4)
  A centaur skeleton (D:6)
  Jessica (D:3)
  Natasha (twice) (D:3)
  Terence (D:3)
  A worker ant (D:4)
  A hound skeleton (D:6)
  9 adders
  4 gnolls
  An adder skeleton (D:4)
  2 worms
  4 dart slugs
  4 leopard geckos
  4 orcs
  3 giant cockroaches
  2 goblins
  3 hobgoblins
  7 jackals
  4 kobolds
  A ball python (D:3)
  5 bats
  7 frilled lizards
  6 rats
83 creatures vanquished.

Vanquished Creatures (others)
  An adder (D:5)
  A jackal (D:5)
2 creatures vanquished.

Grand Total: 85 creatures vanquished

Notes
Turn   | Place    | Note
-------+----------+-------------------------------------------
     0 | D:1      | Lanoc the Minotaur Air Elementalist began the quest for the
                  | Orb.
     0 | D:1      | Reached XP level 1. HP: 14/14 MP: 1/1
    26 | D:1      | Reached skill level 1 in Fighting
   374 | D:1      | Reached XP level 2. HP: 20/23 MP: 3/3
   464 | D:1      | You fall into a shaft and drop 1 floor!
   886 | D:2      | Reached skill level 1 in Shields
  1040 | D:2      | Reached XP level 3. HP: 29/29 MP: 4/4
  1110 | D:2      | Found a hazy altar of Hepliaklqana.
  1397 | D:2      | Found a sacrificial altar of Ru.
  1613 | D:3      | Noticed Terence
  1634 | D:3      | Killed Terence
  1634 | D:3      | Reached XP level 4. HP: 14/37 MP: 5/5
  2384 | D:3      | Noticed Jessica
  2395 | D:3      | Killed Jessica
  2485 | D:2      | Reached XP level 5. HP: 30/44 MP: 6/6
  2725 | D:3      | Noticed Natasha
  2739 | D:3      | Killed Natasha
  3033 | D:3      | Noticed Natasha
  3105 | D:3      | Killed Natasha
  3523 | D:4      | Reached XP level 6. HP: 49/52 MP: 5/7
  3543 | D:4      | You fall into a shaft and drop 2 floors!
  3547 | D:5      | Entered Level 5 of the Dungeon
  3598 | D:5      | Noticed Edmund
  3739 | D:4      | Found a stormy altar of Qazlal.
  3786 | D:4      | Became a worshipper of Qazlal Stormbringer
  3829 | D:4      | Reached skill level 5 in Dodging
  4305 | D:4      | Found a snail-covered altar of Cheibriados.
  4547 | D:5      | Noticed Menkaure
  4555 | D:5      | Killed Menkaure
  4555 | D:5      | Reached skill level 5 in Fighting
  4555 | D:5      | Reached XP level 7. HP: 20/61 MP: 3/8
  4761 | D:5      | Noticed Duvessa
  4763 | D:5      | Noticed Dowan
  4782 | D:5      | Killed Duvessa
  4868 | D:5      | Killed Dowan
  4896 | D:5      | Found an ancient bone altar of Kikubaaqudgha.
  5200 | D:5      | Found a burning altar of Makhleb.
  5201 | D:5      | Found an iron altar of Okawaru.
  5203 | D:5      | Found a glowing silver altar of Zin.
  5574 | D:6      | Reached XP level 8. HP: 35/73 MP: 5/9
  6108 | D:5      | Splashed by Edmund's acid

Illustrated notes

Levels and vault maps discovered:
D:1:      minmay_arrival_stair_chambers, layout_loops_corners,
          minmay_pentomino_z4
D:2:      layout_basic, lemuel_crystal_altar, chequers_decorated_corner,
          nicolae_ru_path_of_blood
D:3:      layout_basic, uniq_natasha, uniq_terence, uniq_jessica
D:4:      layout_loops_ring, kennysheep_slug_shrine, lemuel_crystal_altar,
          grunt_ministairs_3, serial_bayou_crossing
D:5:      layout_basic, lemuel_crystal_altar,
          chequers_temple_overflow_statue_of_worship, item_on_display_a,
          uniq_edmund, uniq_duvessa, uniq_menkaure
D:6:      layout_basic

Skill      XL: |  1  2  3  4  5  6  7 |
---------------+----------------------+-----
Fighting       | 1 2 3 5 7 |  7.3
Dodging        | 3 4 5 7 |  7.2
Shields        | 1 2 3 4 |  4.0
Stealth        | |  1.5
Spellcasting   | |  1.3
Conjurations   | |  0.6
Air Magic      | |  2.1

Action                   |  1- 3 |  4- 6 |  7- 9 || total
-------------------------+-------+-------+-------++-------
Melee: Unarmed           |    28 |       |       ||    28
       Headbutt          |    11 |    24 |     8 ||    43
       Short sword       |    68 |   105 |    64 ||   237
 Cast: Shock             |     3 |     5 |    12 ||    20
 Stab: Sleeping          |       |     3 |     1 ||     4
Armor: Robe              |    13 |    16 |     6 ||    35
Dodge: Dodged            |    59 |    61 |    63 ||   183
Block: Buckler           |    10 |    25 |    16 ||    51

Table legend: (Time is in decaauts)
 A = Elapsed time spent in this place.
 B = Non-inter-level travel time spent in this place.
 C = Inter-level travel time spent in this place.
 D = Time resting spent in this place.
 E = Time spent auto-exploring this place.
 F = Levels seen in this place.
 G = Mean time per level.
                   A        B        C        D        E       F      G
               +--------+--------+--------+--------+--------+-----+--------+
         Total |   6144 |   6033 |    111 |     95 |   5187 |   6 | 1024.0 |
       Dungeon |   6144 |   6033 |    111 |     95 |   5187 |   6 | 1024.0 |
               +--------+--------+--------+--------+--------+-----+--------+

Top non-repeatable levels by time:
     D:3: 1775 daAuts
     D:2: 1227 daAuts
     D:5: 1055 daAuts
     D:4: 1002 daAuts
     D:6: 619 daAuts
     D:1: 464 daAuts
